Map: Shadowed Jungle

Players

Alphalight

  • Race: Terran Terran
  • League: Gold
  • Spawn Location: 7:00

ZeroKool

  • Race: Protoss Protoss
  • League: Silver
  • Spawn Location: 5:00

Salazagarin

  • Race: Terran Terran
  • League: Platinum
  • Spawn Location: 11:00

Metasapien

  • Race: Zerg Zerg
  • League: Platinum
  • Spawn Location: 1:00

VOD

Have the link to the VOD?

Description

Time

  • Played on: Sept. 18, 2017, 2:40 a.m.
  • Length: 10:15
Show
View Real Time Build Order
Export as new Build Order

Alphalight Terran 

Build Orders:  

Get SALT Encoding   

  12  0:01  SCV  
  13  0:18  SCV  
  14  0:25  Supply Depot  
  14  0:31  SCV  
  15  0:35  Refinery  
  15  0:41  Refinery  
  15  0:51  Barracks  
  15  0:55  SCV  
  16  1:07  SCV  
  17  1:15  Supply Depot  
  17  1:36  Barracks  
  17  1:40  Barracks Reactor  
  17  1:54  Factory  
  17  1:59  SCV  
  18  2:11  SCV  
  19  2:23  Barracks Tech Lab  
  19  2:34  Orbital Command  
  19  2:42  Starport  
  19  2:47  Factory Tech Lab  
  19  2:53  Marine  
  19  2:55  Marine  
  21  3:11  Marine  
  21  3:12  Siege Tank  
  25  3:21  SCV  
  25  3:25  Starport Reactor  
  26  3:33  Supply Depot  
  26  3:36  Marine  
  26  3:37  Marine  
  26  3:40  SCV  
  29  3:46  Marine  
  30  3:54  Siege Tank  
  33  3:59  SCV  
  34  4:05  Medivac  
  34  4:07  Medivac  
  38  4:13  Supply Depot  
  38  4:16  Marine  
  39  4:35  Siege Tank, Medivac, Marine  
  47  4:43  Medivac  
  47  4:46  Supply Depot  
  47  4:58  Supply Depot  
  47  5:07  SCV, Marine x2  
  47  5:11  Marine  
  47  5:12  Supply Depot  
  51  5:25  Marine  
  52  5:33  Marine x2  
  52  5:35  Siege Tank  
  57  5:44  Viking, Supply Depot  
  58  5:57  Viking  
  50  6:26  Marine x2  
  50  6:27  Marine  
  50  6:28  Siege Tank  
  50  6:30  Viking  
  58  6:41  Command Center  
  58  6:44  Marine  
  58  6:46  Marine  
  60  6:47  Marine  
  60  6:50  Combat Shields  
  59  6:56  Engineering Bay  
  59  7:14  Viking  
  61  7:16  Viking  
  61  7:21  Siege Tank  
  66  7:25  Marine  
  61  8:07  Viking x2  
  61  8:08  Marine x3  
  68  8:14  Siege Tank  
  70  8:26  Marine  
  59  9:14  Viking x2  
  63  9:19  Planetary Fortress  
  54  9:28  Missile Turret  
  49  9:36  Missile Turret  
  48  9:39  Missile Turret  
  48  9:40  Missile Turret  
  48  9:43  Marine x3  
  51  9:47  Missile Turret  
Show
View Real Time Build Order
Export as new Build Order

ZeroKool Protoss 

Build Orders:  

Get SALT Encoding   

  12  0:02  Probe (Chrono Boost)  
  13  0:13  Probe (Chrono Boost)  
  14  0:18  Pylon  
  14  0:23  Probe (Chrono Boost)  
  15  0:36  Probe (Chrono Boost)  
  15  0:39  Gateway  
  16  0:47  Probe (Chrono Boost)  
  17  0:57  Probe (Chrono Boost)  
  17  1:01  Assimilator  
  18  1:04  Assimilator  
  18  1:08  Probe (Chrono Boost)  
  19  1:13  Pylon  
  20  1:18  Probe (Chrono Boost)  
  20  1:35  Cybernetics Core  
  20  1:39  Probe (Chrono Boost)  
  21  1:47  Forge  
  21  1:55  Probe (Chrono Boost)  
  22  2:06  Probe (Chrono Boost)  
  23  2:15  Stargate  
  23  2:19  Mothership Core (Chrono Boost)  
  25  2:29  Photon Cannon  
  25  2:37  Probe (Chrono Boost)  
  26  2:48  Probe (Chrono Boost)  
  26  2:50  Stargate  
  27  2:53  Pylon  
  27  3:08  Photon Cannon  
  27  3:13  Void Ray  
  31  3:30  Pylon  
  31  3:41  Void Ray (Chrono Boost)  
  35  3:45  Probe (Chrono Boost)  
  37  3:55  Probe (Chrono Boost)  
  41  4:14  Void Ray (Chrono Boost)  
  41  4:15  Probe  
  42  4:27  Probe  
  39  5:05  Void Ray (Chrono Boost)  
  47  5:10  Void Ray (Chrono Boost)  
  41  5:54  Nexus  
  41  5:58  Mothership Core  
  43  6:05  Nexus  
  39  6:51  Void Ray (Chrono Boost)  
  47  6:56  Void Ray (Chrono Boost)  
  47  7:02  Pylon  
  47  7:06  Probe  
  47  7:07  Fleet Beacon  
  48  7:17  Probe x2  
  48  7:18  Probe  
  48  7:21  Assimilator  
  51  7:25  Assimilator  
  51  7:28  Probe x2  
  45  7:30  Probe  
  46  7:38  Probe x2  
  46  7:42  Probe  
  55  7:59  Probe  
  56  8:09  Carrier (Chrono Boost), Probe  
  56  8:10  Probe  
  56  8:12  Probe  
  59  8:18  Assimilator  
  59  8:20  Probe  
  59  8:21  Probe  
  59  8:22  Assimilator  
  59  8:24  Probe  
  62  8:30  Probe  
  63  8:36  Probe  
  64  8:48  Carrier (Chrono Boost)  
Show
View Real Time Build Order
Export as new Build Order

Salazagarin Terran 

Build Orders: Liberator Opening 

Get SALT Encoding   

  12  0:01  SCV  
  13  0:13  SCV  
  14  0:25  SCV  
  15  0:38  Supply Depot  
  15  0:41  Refinery  
  15  0:44  Refinery  
  15  0:47  Engineering Bay  
  15  1:05  SCV  
  16  1:13  Barracks  
  16  1:17  SCV  
  17  1:22  Missile Turret  
  17  1:32  Supply Depot  
  17  1:34  SCV  
  18  1:46  SCV  
  19  1:58  SCV  
  20  2:09  Factory  
  20  2:10  Barracks Reactor  
  20  2:12  SCV  
  21  2:24  SCV  
  22  2:36  Planetary Fortress  
  22  3:01  Starport  
  22  3:07  Command Center  
  22  3:19  Liberator  
  22  3:20  Missile Turret  
  22  3:23  Supply Depot  
  23  3:31  Liberator  
  28  4:05  SCV  
  28  4:08  Missile Turret  
  29  4:17  SCV  
  30  4:28  Refinery  
  30  4:29  Refinery  
  30  4:38  Liberator x2  
  30  5:10  Missile Turret  
  30  5:12  Missile Turret  
  30  5:17  Missile Turret x2  
  30  5:18  SCV x2  
  30  5:21  Liberator  
  32  5:24  Liberator  
  38  6:03  Liberator  
  38  6:07  Liberator  
  41  6:30  SCV  
  42  6:46  Liberator  
  42  6:51  Liberator  
  42  7:29  Liberator  
  36  7:34  Refinery  
  36  7:46  Liberator  
  36  7:48  Command Center  
  42  8:12  Liberator  
  42  8:15  Starport  
  42  8:28  Liberator  
  45  8:35  SCV  
  46  8:47  SCV  
  50  8:53  Starport Reactor  
  50  8:59  SCV  
  51  9:03  Liberator  
  51  9:11  Liberator, SCV  
  52  9:23  SCV  
  54  10:07  Supply Depot  
  54  10:09  Supply Depot  
Show
View Real Time Build Order
Export as new Build Order

Metasapien Zerg 

Build Orders: Pool First 

Get SALT Encoding   

  12  0:01  Drone  
  13  0:21  Drone  
  14  0:22  Overlord  
  14  0:35  Spawning Pool  
  13  0:39  Extractor  
  13  0:40  Drone  
  13  0:45  Drone  
  13  0:49  Drone  
  15  0:59  Drone  
  16  1:05  Drone  
  17  1:25  Hatchery  
  16  1:32  Drone  
  17  1:33  Drone  
  18  1:42  Metabolic Boost  
  18  1:46  Zergling x2  
  19  1:50  Drone  
  20  2:11  Drone  
  21  2:16  Hatchery  
  20  2:22  Overlord  
  20  2:31  Overlord  
  20  2:40  Queen  
  22  2:52  Queen  
  22  2:54  Drone  
  22  2:57  Drone  
  25  3:06  Drone x2  
  25  3:11  Drone, Extractor  
  27  3:27  Spore Crawler  
  26  3:41  Drone x2  
  28  3:43  Spore Crawler  
  29  3:49  Lair  
  29  3:52  Drone  
  29  3:53  Drone x2  
  30  3:56  Spore Crawler  
  30  3:58  Zergling x4  
  31  4:05  Drone x3  
  31  4:08  Drone  
  35  4:25  Spore Crawler  
  35  4:27  Spore Crawler  
  33  4:40  Roach Warren  
  33  4:43  Queen x2  
  36  4:53  Drone  
  36  4:54  Drone x2  
  36  4:56  Drone x2  
  36  4:57  Drone  
  42  5:04  Drone  
  42  5:05  Drone  
  44  5:07  Overlord  
  44  5:16  Drone  
  44  5:17  Hydralisk Den, Drone  
  45  5:22  Overlord  
  45  5:41  Drone  
  45  5:42  Drone x2  
  48  5:48  Hydralisk  
  48  5:49  Hydralisk x4  
  56  6:00  Zergling x4  
  56  6:01  Zergling x2  
  58  6:12  Spawning Pool  
  57  6:44  Drone  
  57  6:45  Overlord x3  
  58  7:02  Overlord x2  
  58  7:03  Overlord x2, Queen x3, Hydralisk x4  
  58  7:05  Drone x2  
  74  7:16  Overseer  
  74  7:18  Overseer  
  74  7:19  Drone x4  
  74  7:20  Extractor  
  77  7:22  Extractor  
  76  7:31  Roach, Hydralisk x5  
  76  7:33  Roach  
  79  7:50  Roach, Hydralisk  
  79  7:51  Roach x5  
  81  7:52  Roach  
  75  8:04  Hydralisk x2  
  75  8:05  Roach, Hydralisk  
  53  8:31  Lair  
  53  8:35  Roach x2  
  46  9:05  Queen  
  44  9:34  Spore Crawler  
  44  9:36  Spore Crawler  
  42  9:41  Zergling x2  
  42  9:42  Zergling x16  
  53  9:47  Spine Crawler  
  53  9:49  Spine Crawler  
Tags
 
Add a new tag
Caveats
  • Supply blocks, unpowered buildings, or Contaminate may cause inaccurate times.
  • Supply counts are checked every 10 seconds.